 Dungeon Crawl Stone Soup version 0.31-a0-1-g4198be8af4 (webtiles) character file.

Game seed: 17167366508920829813

139 Jase the Insei (level 5, 0/33 HPs)
             Began as an Octopode Transmuter on May 1, 2023.
             Slain by an orc wizard
             ... wielding a +1 dagger of speed
              (3 damage)
             ... on level 4 of the Dungeon.
             The game lasted 00:07:00 (2683 turns).

Jase the Insei (Octopode Transmuter)                Turns: 2683, Time: 00:07:00

Health: 0/33       AC:  1    Str: 10    XL:     5   Next: 22%
Magic:  7/8        EV: 13    Int: 17    God:
Gold:   163        SH:  0    Dex: 12    Spells: 2/8 levels left

rFire   . .          .
                       - Unarmed
rCold   + . .        (no shield)
rNeg    . . .        (helmet restricted)
rPois   .            (no amulet)
rElec   .            i - ring of protection from cold
rCorr   .            (no ring)
SInv    .            (no ring)
Will    .....        (no ring)
Stlth   ++           (no ring)
HPRegen 0.25/turn    (no ring)
MPRegen 0.11/turn    (no ring)
                     (no ring)

%: no passive effects
@: wereblooded
A: almost no armour, amphibious, 8 rings, camouflage 1, gelatinous body 1,
(nimble swimmer 1), tentacles
a: no special abilities


You were on level 4 of the Dungeon.
You visited 1 branch of the dungeon, and saw 4 of its levels.

You collected 163 gold pieces.

Inventory:

Hand Weapons
 k - a +0 dagger of electrocution
Missiles
 n - 5 poisoned darts
Jewellery
 i - a ring of protection from cold (left tentacle)
Wands
 q - a wand of flame (20)
Scrolls
 b - a scroll of fog {unknown}
 d - 2 scrolls of immolation {unknown}
 e - 3 scrolls of identify {unknown}
 f - a scroll of amnesia {unknown}
 g - 2 scrolls of magic mapping {unknown}
 l - a scroll of enchant armour {unknown}
 m - 2 scrolls of fear {unknown}
 o - 3 scrolls of teleportation {unknown}
 p - a scroll of brand weapon {unknown}
 s - 2 scrolls of noise {unknown}
 v - a scroll of torment {unknown}
Potions
 a - 3 potions of lignification
 c - 6 potions of curing
 h - a potion of mutation {unknown}
 j - a potion of might {unknown}
 r - a potion of degeneration {unknown}
 t - 2 potions of berserk rage {unknown}
 u - a potion of resistance {unknown}


   Skills:
 - Level 1.0 Fighting
 + Level 3.1 Dodging
 + Level 3.9 Unarmed Combat
 - Level 2.0 Spellcasting
 + Level 3.2 Transmutations
 + Level 2.0 Poison Magic


You had 2 spell levels left.
You knew the following spells:

 Your Spells              Type           Power      Damage    Failure   Level
a - Beastly Appendage     Tmut           24%        N/A       4%          1
b - Wereblood             Tmut           12%        N/A       8%          2
c - Spider Form           Tmut/Pois      10%        N/A       21%         3

Your spell library contained the following spells:

 Spells                   Type           Power      Damage    Failure   Level
 Cigotuvi's Dreadful Rot  Necr/Pois/Air  8%         N/A       22%         2
 Ignite Poison            Fire/Tmut/Pois 7%         N/A       28%         3
 Ice Form                 Ice/Tmut       7%         N/A       69%         4
 Freezing Cloud           Conj/Ice/Air   0%         6-21      99%         5


Dungeon Overview and Level Annotations

Branches:
Dungeon (4/15)
 Temple: D:4-7

Altars:
Yredelemnul
The Shining One


Innate Abilities, Weirdness & Mutations

You cannot wear most types of armour.
You are amphibious.
You can wear up to eight rings at the same time.
Your skin changes colour to match your surroundings (Stealth+).
Your rubbery body absorbs attacks. (AC +1, EV +1)
((You are camouflaged when in or above water. (Stealth+)))
You have tentacles for arms and can constrict up to eight enemies at once.


Message History

Your tentacle spike disappears.
You constrict the orc, but do no damage.
The orc hits you with a +0 club.
You tentacle-slap the orc.
You feel a bit better.
You kill the orc!
Something hits you. x2
Items here: )) [[ ††.
You miss something.
You howl as the wereblood boils in your veins!
Something hits you.
You tentacle-slap something. You squeeze something.
You howl as the wereblood boils in your veins!
Something hits you.
You hear some strange, mumbled words.
You are confused.
Unknown command.
You're too confused to cast spells.
Unknown command.
You bump into the rock wall.
Something hits you.
* * * LOW HITPOINT WARNING * * *
You completely miss something. Something hits you.
* * * LOW HITPOINT WARNING * * *
You howl as the wereblood boils in your veins!
You bump into the rock wall.
You howl as the wereblood boils in your veins!
Something hits you.
* * * LOW HITPOINT WARNING * * *
Something hits you but does no damage.
Unknown command.
You miss something.
You feel less confused. Something hits you.
* * * LOW HITPOINT WARNING * * *
Unknown command.
It was a potion of curing.
You feel better.
You howl as the wereblood boils in your veins!
Something hits you.
* * * LOW HITPOINT WARNING * * *
Something hits you.
You die...

#. .. .. .. #.#. #...
#. ..# .. #.# ## ##)##
#..{# #..@# #...# #../#
######...##### ###
#####.............#
....#..................
#...#.................#
#...~.~.####...####.#
..#..⌠~.# #...# #


There were no monsters in sight!

Vanquished Creatures
  Robin (D:2)
  5 adders
  A white imp (D:3)
  A dart slug (D:3)
  7 orcs
  4 bats
  5 endoplasms
  5 giant cockroaches
  5 goblins
  10 hobgoblins
  6 jackals (D:2)
  A quokka (D:3)
  7 ball pythons
  4 frilled lizards
  A kobold (D:1)
  A rat (D:2)
64 creatures vanquished.

Notes
Turn   | Place    | Note
-------+----------+-------------------------------------------
     0 | D:1      | Jase the Octopode Transmuter began the quest for the Orb.
     0 | D:1      | Reached XP level 1. HP: 13/13 MP: 3/3
   596 | D:1      | Reached XP level 2. HP: 16/18 MP: 1/5
   999 | D:2      | Learned a level 2 spell: Wereblood
  1020 | D:2      | Reached XP level 3. HP: 22/23 MP: 4/6
  1024 | D:2      | Learned a level 3 spell: Spider Form
  1196 | D:2      | Noticed Robin
  1476 | D:2      | Killed Robin
  1482 | D:2      | Reached skill level 1 in Poison Magic
  1485 | D:2      | Reached XP level 4. HP: 24/28 MP: 4/7
  2081 | D:3      | Found a glowing golden altar of the Shining One.
  2094 | D:3      | Found a basalt altar of Yredelemnul.
  2096 | D:3      | Noticed a profane servitor
  2112 | D:3      | Noticed an angel
  2504 | D:4      | Reached XP level 5. HP: 29/33 MP: 6/8
  2682 | D:4      | HP: 1/33 [something (4)]
  2683 | D:4      | Slain by an orc wizard

Illustrated notes

Levels and vault maps discovered:
D:1:      dpeg_arrival_rhombus, layout_loops_ring, lemuel_flame_loot_1
D:2:      layout_rooms, kennysheep_generic_room_9, uniq_robin
D:3:      layout_basic, grunt_temple_overflow_holy_war
D:4:      layout_loops_cross, dk_noncrumbling_3, corexii_leaking_fountain,
          minmay_misc_feat_cross, serial_bayou_pond_d

Skill      XL: |  1  2  3  4  5 |
---------------+----------------+-----
Poison Magic   | 1 2 |  2.0
Transmutations | 3 |  3.2
Dodging        | 3 |  3.1
Fighting       | |  1.0
Unarmed Combat | |  3.9
Spellcasting   | |  2.0

Action                     |  1- 3 |  4- 6 || total
---------------------------+-------+-------++-------
  Melee: Unarmed           |    69 |    75 ||   144
         Constrict         |    26 |    22 ||    48
         Kick              |    21 |    30 ||    51
         Tentacles         |    18 |     8 ||    26
         Punch             |     2 |       ||     2
   Cast: Beastly Appendage |    22 |    18 ||    40
         Wereblood         |     2 |     1 ||     3
    Use: Potion            |       |     1 ||     1
   Stab: Sleeping          |     4 |     1 ||     5
         Distracted        |       |     1 ||     1
 Armour: Skin              |     5 |     7 ||    12
  Dodge: Dodged            |    33 |    32 ||    65

Table legend: (Time is in decaauts)
 A = Elapsed time spent in this place.
 B = Non-inter-level travel time spent in this place.
 C = Inter-level travel time spent in this place.
 D = Time resting spent in this place.
 E = Time spent auto-exploring this place.
 F = Levels seen in this place.
 G = Mean time per level.
                   A        B        C        D        E       F      G
               +--------+--------+--------+--------+--------+-----+--------+
         Total |   2674 |   2529 |    145 |    119 |   1867 |   4 |  668.5 |
       Dungeon |   2674 |   2529 |    145 |    119 |   1867 |   4 |  668.5 |
               +--------+--------+--------+--------+--------+-----+--------+

Top non-repeatable levels by time:
     D:1: 1060 daAuts
     D:3: 820 daAuts
     D:2: 605 daAuts
     D:4: 187 daAuts
